 Dungeon Crawl Stone Soup version 0.31-a0-369-g8eba5f6939 (webtiles) character file.

Game seed: 14935377070664165218

1904 hashsling the Basher (level 9, -2/55 HPs)
             Began as a Gargoyle Fighter on July 29, 2023.
             Slain by a gnoll sergeant
             ... wielding a +0 trident
              (9 damage)
             ... on level 6 of the Dungeon.
             The game lasted 00:13:00 (4495 turns).

hashsling the Basher (Gargoyle Fighter)             Turns: 4495, Time: 00:13:02

Health: -2/55      AC: 20    Str: 29    XL:     9   Next: 15%
Magic:  9/9        EV:  9    Int: 10    God:
Gold:   21         SH: 11    Dex: 15    Spells: 8/8 levels left

rFire   . . .        x - +2 whip (freeze)
rCold   . . .        E - +2 kite shield
rNeg    + . .        L - +3 scale mail
rPois   ∞            w - +0 helmet
rElec   +            q - +0 cloak
rCorr   .            (no gloves)
SInv    .            t - +0 pair of boots
Will    .....        (no amulet) Stlth
                     z - +6 ring of dexterity
HPRegen 0.29/turn    s - +6 ring of strength
MPRegen 0.11/turn

%: no passive effects
@: mighty, invisible
A: sickness immunity, AC +6, negative energy resistance 1, electricity
resistance, torment resistance 1, petrification resistance
a: no special abilities


You were on level 6 of the Dungeon.
You visited 1 branch of the dungeon, and saw 6 of its levels.

You collected 276 gold pieces.
You spent 255 gold pieces at shops.

Inventory:

Hand Weapons
 a - a +0 flail
 x - a +2 whip of freezing (weapon)
Missiles
 l - 3 poisoned darts
 v - a throwing net (quivered)
Armour
 b - a +0 scale mail
 c - a +0 buckler
 q - a +0 cloak (worn)
 t - a +0 pair of boots (worn)
 u - a +0 plate armour
 w - a +0 helmet (worn)
 E - a +2 kite shield (worn)
 L - a +3 scale mail (worn)
Magical Staves
 y - a staff of earth
Jewellery
 f - a ring of protection from cold
 s - a +6 ring of strength (right hand)
 z - a +6 ring of dexterity (left hand)
Wands
 F - a wand of flame (25)
Scrolls
 e - a scroll of identify
 g - 9 scrolls of teleportation
 j - a scroll of fear {unknown}
 r - 2 scrolls of amnesia {unknown}
 D - 3 scrolls of poison
 G - 2 scrolls of enchant weapon
 J - a scroll of immolation {unknown}
 K - a scroll of blinking {unknown}
 M - a scroll of brand weapon {unknown}
 N - a scroll of torment {unknown}
Potions
 d - 3 potions of might
 h - a potion of attraction {unknown}
 i - 2 potions of berserk rage
 k - 2 potions of haste
 m - a potion of degeneration {unknown}
 n - a potion of brilliance {unknown}
 o - 2 potions of enlightenment
 p - a potion of lignification {unknown}
 A - a potion of mutation {unknown}
 B - a potion of invisibility
 C - a potion of resistance {unknown}
 H - a potion of curing {unknown}
 I - a potion of heal wounds {unknown}


   Skills:
 + Level 6.1 Fighting
 - Level 1.0(5.9) Axes
 * Level 10.2(10.3) Maces & Flails
 - Level 1.1(6.5) Staves
 - Level 4.0 Armour
 - Level 4.0 Shields


You had 8 spell levels left.
You didn't know any spells.
Your spell library contained the following spells:

 Spells                   Type           Power      Damage    Failure   Level
 Lesser Beckoning         Tloc           0%         N/A       92%         2
 Gell's Gravitas          Tloc           0%         N/A       99%         3
 Portal Projectile        Hex/Tloc       0%         N/A       99%         3
 Teleport Other           Tloc           0%         N/A       99%         3
 Tukima's Dance           Hex            0%         N/A       99%         3
 Volatile Blastmotes      Fire/Tloc      0%         2d10      99%         3
 Fulminant Prism          Conj/Hex       0%         3d5       100%        4
 Iskenderun's Mystic Bla  Conj/Tloc      0%         2d3       100%        4


Dungeon Overview and Level Annotations

Branches:
Dungeon (6/15)             Temple (0/1) D:4

Altars:
Xom
Zin

Shops:
D:1 *   D:3 *   D:4 ((   D:5 ([!?

Annotations:
D:4 2 transporters, domi's ghost, amateur DsSh


Innate Abilities, Weirdness & Mutations

You are immune to sickness and miasma.
Your stone body is resilient. (AC +6)
You are immune to poison.
You resist negative energy. (rN+)
You are resistant to electric shocks. (rElec)
You are resistant to unholy torment.
You are immune to petrification.


Message History

The gnoll sergeant is severely wounded.
The gnoll hits you from afar with a +0 spear.
The gnoll barely misses you. The gnoll hits you but does no damage.
You block the gnoll's attack.
The gnoll sergeant hits you with a +0 trident.
You barely miss the gnoll sergeant.
The gnoll sergeant is severely wounded.
The gnoll hits you but does no damage. x2; You block the gnoll's attack.
The gnoll hits you but does no damage.
The gnoll sergeant hits you but does no damage.
You closely miss the gnoll sergeant.
The gnoll sergeant is severely wounded.
You closely miss the gnoll sergeant.
The gnoll sergeant is severely wounded.
The gnoll barely misses you. You block the gnoll's attack. x2
The gnoll hits you but does no damage. You block the gnoll sergeant's attack.
You hit the gnoll sergeant but do no damage.
The gnoll sergeant is severely wounded.
The gnoll hits you but does no damage. You block the gnoll's attack.
The gnoll hits you with a +0 spear. The gnoll hits you but does no damage.
The gnoll sergeant hits you but does no damage.
You hit the gnoll sergeant but do no damage.
The gnoll sergeant is severely wounded.
You hit the gnoll sergeant but do no damage.
The gnoll sergeant is severely wounded.
You block the gnoll's attack. The gnoll closely misses you.
You block the gnoll's attack. x2
The gnoll sergeant hits you with a +0 trident!
You feel very mighty all of a sudden. The gnoll hits you but does no damage.
The gnoll barely misses you. The gnoll closely misses you.
The gnoll hits you with a +0 spear.
* * * LOW HITPOINT WARNING * * *
The gnoll sergeant closely misses you.
You fade into invisibility!
You block the gnoll's attack. x2; The gnoll hits you with a +0 spear.
* * * LOW HITPOINT WARNING * * *
The gnoll hits you with a +0 flail.
* * * LOW HITPOINT WARNING * * *
The gnoll sergeant hits you with a +0 trident!
You die...

..... . #...... . ..
#......... ##⌠# #..
###......... #..#^ .... ##
.......... ~.~^♣
....#.###.......## ~.^~.
#....gg.......# .^._.
.#...@g......... .~..♣
#<......gg.....#. ≈§..
#..........(...# # ≈≈♣
#.....#.........##
###⌠###......#..........###
..#......#................#
..#..##..#................#
..............#...........##
##.....##.....#.##.........#


You could see a gnoll sergeant (unable to see you) and 4 gnolls.

Vanquished Creatures
  Pikel (D:4)
  Sigmund (D:4)
  Menkaure (D:4)
  A black bear (D:5)
  An ogre (D:5)
  2 phantoms
  A bullfrog (D:4)
  A scorpion (D:6)
  5 hounds
  A jelly (D:6)
  A sleepcap (D:5)
  3 iguanas
  5 orc wizards
  Natasha (thrice) (D:4)
  11 adders
  5 gnolls
  An ufetubus (D:5)
  A worm (D:5)
  5 dart slugs
  11 orcs
  3 bats
  11 endoplasms
  2 giant cockroaches
  6 goblins
  4 hobgoblins
  11 jackals
  A quokka (D:3)
  5 ball pythons
  2 frilled lizards
  8 kobolds
  3 rats
117 creatures vanquished.

Notes
Turn   | Place    | Note
-------+----------+-------------------------------------------
     0 | D:1      | hashsling the Gargoyle Fighter began the quest for the Orb.
     0 | D:1      | Reached XP level 1. HP: 14/14 MP: 1/1
    84 | D:1      | Found Mats's General Store.
   163 | D:1      | Reached XP level 2. HP: 18/19 MP: 2/2
   237 | D:1      | Reached skill level 3 in Maces & Flails
   437 | D:1      | Reached XP level 3. HP: 20/23 MP: 3/3
  1114 | D:2      | Reached skill level 4 in Maces & Flails
  1472 | D:2      | Reached XP level 4. HP: 28/28 MP: 4/4
  1633 | D:3      | Found Zin's Purification Station.
  1633 | D:3      | Found a glowing silver altar of Zin.
  1794 | D:3      | Reached XP level 5. HP: 33/33 MP: 5/5
  2493 | D:4      | Reached skill level 1 in Axes
  2493 | D:4      | Reached skill level 1 in Staves
  2493 | D:4      | Reached XP level 6. HP: 38/38 MP: 6/6
  2652 | D:4      | Noticed Pikel
  2662 | D:4      | Killed Pikel
  2663 | D:4      | Reached skill level 7 in Maces & Flails
  2663 | D:4      | Reached XP level 7. HP: 40/43 MP: 7/7
  2718 | D:4      | Noticed Natasha
  2719 | D:4      | Found Plog's Weapon Shop.
  2730 | D:4      | Killed Natasha
  2835 | D:4      | Found a transporter.
  2837 | D:4      | Noticed domi's ghost (amateur DsSh)
  2843 | D:4      | Noticed Menkaure
  2852 | D:4      | Killed Menkaure
  2853 | D:4      | Reached skill level 8 in Maces & Flails
  2853 | D:4      | Reached XP level 8. HP: 26/48 MP: 8/8
  2975 | D:4      | Found Itwyusk's Antique Weapon Emporium.
  3183 | D:4      | Found a staircase to the Ecumenical Temple.
  3197 | D:4      | Noticed Sigmund
  3207 | D:4      | Noticed Natasha
  3217 | D:4      | Killed Sigmund
  3221 | D:4      | Killed Natasha
  3300 | D:4      | Reached skill level 9 in Maces & Flails
  3416 | D:4      | Found a transporter.
  3427 | D:4      | Noticed Natasha
  3436 | D:4      | Killed Natasha
  3559 | D:5      | Entered Level 5 of the Dungeon
  3593 | D:5      | Reached skill level 5 in Fighting
  3889 | D:5      | Found Naot's Weapon Boutique.
  3913 | D:5      | Found Pahi's Distillery.
  3928 | D:5      | Bought 2 potions of might for 80 gold pieces
  4029 | D:5      | Reached XP level 9. HP: 55/55 MP: 9/9
  4113 | D:5      | Found Riqag's Magic Scroll Boutique.
  4119 | D:5      | Bought a scroll of identify for 28 gold pieces
  4119 | D:5      | Bought a scroll of enchant weapon for 105 gold pieces
  4119 | D:5      | Bought a scroll of teleportation for 42 gold pieces
  4153 | D:5      | Found Ficuw's Antique Armour Emporium.
  4205 | D:5      | Reached skill level 10 in Maces & Flails
  4386 | D:6      | Found a shimmering altar of Xom.
  4391 | D:6      | Found a shimmering altar of Xom.
  4495 | D:6      | Slain by a gnoll sergeant

Illustrated notes

Levels and vault maps discovered:
D:1:      ncdulo_watergridlock, layout_basic, serial_shops, shop,
          minmay_surrounded
D:2:      layout_loops_ring, grunt_ministairs_14, dk_vineyard_3,
          grunt_decor_resistance, nicolae_elevator_lobby_plus
D:3:      layout_loops_ring, zin_purify, minmay_increasing_density
D:4:      layout_loops_corners, minmay_temple_entry_butterflies,
          gammafunk_ghost_mausoleum, serial_shops,
          nicolae_shop_bloodbath_and_beyond, nicolae_stop_n_shop_2,
          uniq_menkaure, uniq_sigmund, uniq_pikel, uniq_natasha
D:5:      layout_basic, serial_shops, nicolae_shop_pleasant_corner_grove,
          kennysheep_little_box, shop, nicolae_shop_rolling_square,
          kennysheep_generic_room_12
D:6:      layout_cave_pools, xom_redecorated

Skill      XL: |  1  2  3  4  5  6  7  8  9 |
---------------+----------------------------+-----
Maces & Flails | 3 4 7 8 9 10 | 10.2
Fighting       | 4 5 6 |  6.1
Armour         | 4 |  4.0
Shields        | 4 |  4.0
Axes           | 1 |  1.0
Staves         | 1 |  1.1

Action                     |  1- 3 |  4- 6 |  7- 9 || total
---------------------------+-------+-------+-------++-------
  Melee: Flail             |   146 |   130 |     2 ||   278
         Whip              |       |       |   193 ||   193
  Throw: Dart              |       |       |     1 ||     1
         Throwing net      |       |       |     1 ||     1
    Use: Scroll            |       |       |     5 ||     5
         Potion            |       |       |     2 ||     2
   Stab: Held in net/web   |       |       |     1 ||     1
 Armour: Scale mail        |    77 |    73 |    82 ||   232
  Dodge: Dodged            |    83 |    59 |    49 ||   191
  Block: Buckler           |    28 |    32 |     9 ||    69
         Kite shield       |       |       |    71 ||    71

Table legend: (Time is in decaauts)
 A = Elapsed time spent in this place.
 B = Non-inter-level travel time spent in this place.
 C = Inter-level travel time spent in this place.
 D = Time resting spent in this place.
 E = Time spent auto-exploring this place.
 F = Levels seen in this place.
 G = Mean time per level.
                   A        B        C        D        E       F      G
               +--------+--------+--------+--------+--------+-----+--------+
         Total |   4515 |   4329 |    186 |     15 |   3259 |   6 |  752.5 |
       Dungeon |   4515 |   4329 |    186 |     15 |   3259 |   6 |  752.5 |
               +--------+--------+--------+--------+--------+-----+--------+

Top non-repeatable levels by time:
     D:4: 1082 daAuts
     D:3: 1003 daAuts
     D:2: 782 daAuts
     D:1: 745 daAuts
     D:5: 686 daAuts
     D:6: 215 daAuts
